 Dungeon Crawl Stone Soup version 0.20.1-1-g8b1a95d (webtiles) character file.

1179 polve the Cleaver (level 8, -3/56 HPs)
             Began as a Demonspawn Gladiator on July 7, 2017.
             Slain by Quirk's ghost (7 damage)
             ... on level 6 of the Dungeon.
             The game lasted 00:03:48 (4804 turns).

polve the Cleaver (Demonspawn Gladiator)            Turns: 4804, Time: 00:03:48

Health: -3/56      AC: 16    Str: 18    XL:     8   Next: 18%
Magic:  8/8        EV:  8    Int:  9    God:
Gold:   168        SH:  5    Dex: 14    Spells: 6/7 levels left

rFire    . . .     SeeInvis .   a - +0 war axe
rCold    . . .     Gourm    .   (no shield)
rNeg     . . .     Faith    .   s - +0 chain mail
rPois    .         Spirit   .   c - +0 helmet
rElec    .         Reflect  +   l - scarf {repulsion}
rCorr    .         Harm     .   (no gloves)
MR       .....                  (no boots)
Stlth    ..........             i - +5 amulet of reflection
Regen    0.2/turn               j - +3 ring of protection
MPRegen  0.2/turn               (no ring)

@: repel missiles
A: hooves 1, iridescent scales 2, nightstalker 1, rot immunity
a: no special abilities


You were on level 6 of the Dungeon.
You were not hungry.

You visited 1 branch of the dungeon, and saw 6 of its levels.

You collected 168 gold pieces.

Inventory:

Hand Weapons
 a - a +0 war axe (weapon)
Missiles
 d - 3 throwing nets (quivered)
Armour
 c - a +0 helmet (worn)
 l - a scarf of repulsion (worn)
 s - a +0 chain mail (worn)
Jewellery
 i - a +5 amulet of reflection (around neck)
 j - a +3 ring of protection (left hand)
Wands
 n - a wand of scattershot (4/9)
Scrolls
 o - 3 scrolls of remove curse {unknown}
 q - 3 scrolls of teleportation
 r - 3 scrolls of identify
 t - 2 scrolls of noise {unknown}
 w - a scroll of amnesia {unknown}
 y - a scroll of fog {unknown}
 z - a scroll of random uselessness {unknown}
Potions
 g - 2 potions of cancellation {unknown}
 h - 2 potions of curing
 k - a potion of brilliance {unknown}
 m - a potion of agility {unknown}
 u - a potion of flight {unknown}
 v - a potion of ambrosia {unknown}
 x - 2 potions of lignification {unknown}
Books
 b - a book of Flames

   Spells                             Type                      Level
   a - Flame Tongue                   Conjuration/Fire             1
   b - Throw Flame                    Conjuration/Fire             2
   c - Conjure Flame                  Conjuration/Fire             3
   d - Inner Flame                    Hexes/Fire                   3
   e - Sticky Flame                   Conjuration/Fire             4
   f - Fireball                       Conjuration/Fire             5
Comestibles
 e - 10 fruits
 f - 6 bread rations
 p - 3 meat rations
 A - 3 chunks of flesh


   Skills:
 - Level 2.0 Fighting
 + Level 9.1 Axes
 - Level 1.7 Throwing
 + Level 1.9 Armour
 - Level 2.6 Dodging


You had 6 spell levels left.
You knew the following spells:

 Your Spells              Type           Power        Failure   Level  Hunger
a - Apportation           Tloc           #.....       99%         1    ##.....


Dungeon Overview and Level Annotations

Branches:
Dungeon (6/15)
 Temple: D:4-7

Altars:
Gozag
Qazlal
Vehumet
Xom
Yredelemnul

Annotations:
D:6 Quirk's ghost, novice TrFi


Innate Abilities, Weirdness & Mutations

You have large cloven feet.
You are mostly covered in iridescent scales. (AC +4)
You are slightly more attuned to the shadows.
You are immune to rotting.


Message History

Quirk's ghost barely misses you.
You closely miss Quirk's ghost.
Quirk's ghost is lightly damaged.
Quirk's ghost hits you.
* * * LOW HITPOINT WARNING * * *
You hit Quirk's ghost. Your kick misses Quirk's ghost.
Quirk's ghost is lightly damaged.
Quirk's ghost hits you but does no damage.
You hit Quirk's ghost but do no damage.
Quirk's ghost is lightly damaged.
Quirk's ghost hits you but does no damage.
You slash Quirk's ghost!
Quirk's ghost is moderately damaged.
Quirk's ghost hits you!
* * * LOW HITPOINT WARNING * * *
You hit Quirk's ghost.
You kick Quirk's ghost, but do no damage.
Quirk's ghost is moderately damaged.
Quirk's ghost hits you!
You die...

#.##......#
#.##.##......#
#............#
#.##.#.).....#
#.##.#.รท######
#...$.<.#
#.##.#.##
#.##.#.#
#...)@W#
####.##.....
#.# ..... #..
..... ### .. .


You could see Quirk's ghost.

Vanquished Creatures
  Pikel (D:5)
  A slave (D:5)
  An ice beast (D:6)
  An ogre (D:3)
  Blork the orc (D:6)
  A scorpion (D:5)
  A hound (D:5)
  An orc priest (D:6)
  A gnoll shaman (D:5)
  3 iguanas
  An orc wizard (D:3)
  A hound zombie (D:5)
  5 gnolls (D:5)
  7 adders
  An adder zombie (D:5)
  An adder skeleton (D:4)
  3 worms (D:2)
  A dart slug (D:1)
  3 leopard geckos
  23 orcs
  2 ball pythons
  4 bats
  7 giant cockroaches
  3 hobgoblins
  10 jackals
  A quokka (D:2)
  2 frilled lizards
  6 goblins
  6 kobolds
  A leopard gecko zombie (D:4)
  6 rats
106 creatures vanquished.

Vanquished Creatures (others)
  A crimson imp (D:5)
  A rat (D:2)
2 creatures vanquished.

Grand Total: 108 creatures vanquished

Notes
Turn   | Place    | Note
-------+----------+-------------------------------------------
     0 | D:1      | polve the Demonspawn Gladiator began the quest for the Orb.
     0 | D:1      | Reached XP level 1. HP: 16/16 MP: 1/1
   143 | D:1      | Reached skill level 3 in Axes
   290 | D:1      | Gained mutation: You have large cloven feet. [demonic ancestry]
   290 | D:1      | Reached XP level 2. HP: 22/22 MP: 2/2
   835 | D:2      | Reached XP level 3. HP: 13/27 MP: 3/3
  1105 | D:2      | Reached skill level 4 in Axes
  1544 | D:2      | Found a radiant altar of Vehumet.
  1909 | D:2      | Gained mutation: You are immune to rotting. [demonic ancestry]
  1909 | D:2      | Reached XP level 4. HP: 33/33 MP: 4/4
  2249 | D:3      | Reached skill level 5 in Axes
  2726 | D:3      | Gained mutation: You are partially covered in iridescent scales. (AC +2) [demonic ancestry]
  2726 | D:3      | Reached XP level 5. HP: 38/38 MP: 5/5
  2791 | D:3      | Noticed an ogre
  2801 | D:3      | Killed an ogre
  3068 | D:4      | Found a shimmering altar of Xom.
  3071 | D:4      | Reached skill level 6 in Axes
  3091 | D:4      | Gained mutation: You are mostly covered in iridescent scales. (AC +4) [demonic ancestry]
  3091 | D:4      | Reached XP level 6. HP: 22/44 MP: 6/6
  3403 | D:4      | Learned a level 1 spell: Apportation
  3457 | D:4      | Found a basalt altar of Yredelemnul.
  3623 | D:4      | Found a stormy altar of Qazlal.
  3832 | D:5      | Entered Level 5 of the Dungeon
  3987 | D:5      | Found an opulent altar of Gozag.
  4070 | D:5      | Reached skill level 7 in Axes
  4124 | D:5      | Noticed a slave
  4124 | D:5      | Noticed a slave
  4125 | D:5      | Noticed a slave
  4126 | D:5      | Noticed Pikel
  4126 | D:5      | Noticed a slave
  4135 | D:5      | Killed a slave
  4139 | D:5      | Killed Pikel
  4139 | D:5      | Reached skill level 8 in Axes
  4139 | D:5      | Reached XP level 7. HP: 20/50 MP: 7/7
  4696 | D:5      | Gained mutation: You are slightly more attuned to the shadows. [demonic ancestry]
  4696 | D:5      | Reached XP level 8. HP: 56/56 MP: 8/8
  4721 | D:6      | Reached skill level 1 in Armour
  4734 | D:6      | Noticed Blork the orc
  4742 | D:6      | Killed Blork the orc
  4742 | D:6      | Reached skill level 9 in Axes
  4788 | D:6      | Noticed Quirk's ghost (novice TrFi)
  4804 | D:6      | Slain by Quirk's ghost

Skill      XL: |  1  2  3  4  5  6  7  8 |
---------------+-------------------------+-----
Axes           | 3 4 5 6 8 9 |  9.1
Armour         | 1 |  1.9
Fighting       | |  2.0
Throwing       | |  1.7
Dodging        | |  2.6

Action                   |  1- 3 |  4- 6 |  7- 9 || total
-------------------------+-------+-------+-------++-------
Melee: War axe           |    92 |   152 |    57 ||   301
       Kick              |    16 |    44 |    11 ||    71
  Use: Scroll            |       |     3 |       ||     3
       Potion            |       |     2 |       ||     2
 Stab: Confused          |       |     1 |       ||     1
  Eat: Chunk             |     3 |     7 |     3 ||    13
Armor: Leather armour    |    47 |    50 |     1 ||    98
       Chain mail        |       |       |    22 ||    22
Dodge: Dodged            |    65 |    90 |    19 ||   174
       Deflected         |       |     1 |       ||     1
Block: Other             |    21 |    47 |    11 ||    79
